Map: Oxide LE

Players

Lambo

  • Race: Zerg Zerg
  • League: Grandmaster

HeroMarine - Winner!

  • Race: Terran Terran
  • League: Master

Event: DreamHack SC2 Masters 2021 Summer

VOD

Have the link to the VOD?

Description

Time

  • Played on: June 1, 2021, 11:31 a.m.
  • Length: 14:47

All games in this series

Show
View Real Time Build Order
Export as new Build Order

Lambo Zerg 

Build Orders: Hatch First 

Get SALT Encoding   

  12  0:00  Drone  
  13  0:12  Overlord  
  13  0:17  Drone  
  14  0:30  Drone x2  
  16  0:47  Hatchery  
  15  0:51  Drone  
  15  0:54  Drone  
  18  0:57  Drone  
  18  1:07  Extractor  
  17  1:12  Spawning Pool  
  17  1:15  Drone  
  17  1:19  Drone  
  18  1:27  Drone  
  19  1:38  Drone  
  20  1:49  Drone  
  21  1:59  Queen x2  
  21  2:00  Zergling x4  
  27  2:10  Overlord, Drone  
  28  2:20  Hatchery  
  27  2:23  Drone  
  28  2:31  Drone  
  28  2:37  Drone x2  
  30  2:40  Queen  
  30  2:44  Overlord  
  32  2:49  Metabolic Boost  
  32  2:52  Drone  
  32  2:54  Drone  
  32  2:57  Drone  
  35  3:03  Queen  
  37  3:06  Drone  
  37  3:07  Drone  
  37  3:10  Drone x2  
  41  3:14  Drone  
  42  3:20  Drone  
  43  3:31  Queen  
  43  3:32  Overlord  
  43  3:33  Overlord  
  45  3:36  Queen, Drone  
  45  3:40  Drone  
  49  3:45  Overlord  
  49  3:52  Zergling x2  
  49  3:53  Zergling x4  
  49  3:54  Overlord, Drone  
  49  3:55  Drone x2  
  55  4:01  Drone x3  
  58  4:06  Drone x3  
  61  4:10  Baneling Nest  
  61  4:11  Queen  
  61  4:13  Drone  
  61  4:16  Zergling x4  
  65  4:19  Drone  
  65  4:23  Drone x3  
  69  4:25  Overlord  
  69  4:31  Extractor  
  69  4:34  Lair, Drone x2  
  70  4:39  Spore Crawler x2  
  70  4:40  Spore Crawler, Drone  
  70  4:43  Drone  
  70  4:44  Drone x2  
  71  4:45  Drone  
  71  4:47  Drone  
  71  4:50  Queen  
  71  4:52  Drone  
  76  4:53  Drone  
  76  4:57  Drone x3  
  76  4:59  Extractor  
  79  5:00  Drone x2  
  79  5:02  Extractor  
  79  5:06  Zergling x6  
  81  5:24  Evolution Chamber x2  
  81  5:25  Overlord  
  81  5:28  Drone x3  
  82  5:29  Drone  
  82  5:30  Spore Crawler, Overlord  
  82  5:32  Overseer  
  82  5:33  Overseer  
  82  5:34  Hatchery, Drone x3  
  82  5:35  Overlord  
  82  5:39  Centrifical Hooks  
  82  5:46  Drone x6  
  82  5:49  Drone  
  88  5:52  Drone x2  
  88  5:54  Drone  
  91  5:59  Drone x5  
  91  6:01  Drone  
  97  6:05  Zerg Ground Armor Level 1  
  97  6:09  Drone  
  98  6:14  Overlord  
  98  6:16  Hatchery  
  98  6:17  Zergling x8  
  101  6:19  Queen  
  101  6:21  Overlord  
  101  6:22  Zergling x4  
  105  6:32  Spore Crawler, Overlord  
  105  6:33  Overlord  
  105  6:35  Overlord  
  105  6:36  Zergling x10  
  109  6:40  Zergling x4  
  109  6:42  Zergling x2  
  109  6:45  Zergling x2  
  109  6:47  Zergling x2  
  113  6:50  Zergling x8  
  113  6:52  Overlord  
  117  6:58  Zergling x10  
  113  7:01  Zergling x2  
  110  7:09  Zergling x6  
  110  7:15  Zerg Melee Weapons Level 1  
  112  7:18  Drone x4  
  112  7:19  Drone x2  
  112  7:21  Zergling x10  
  123  7:26  Hatchery, Drone x2  
  124  7:32  Baneling, Drone x4  
  113  7:39  Zergling x2  
  113  7:42  Baneling x7  
  113  7:43  Zergling x16  
  122  7:46  Zergling x2  
  122  7:48  Baneling x3  
  122  7:50  Zergling x10  
  127  7:53  Zergling x6  
  127  7:56  Zergling x2  
  127  7:58  Zergling x2  
  129  8:02  Overlord  
  129  8:03  Zergling x2  
  129  8:04  Queen  
  130  8:05  Zergling x2  
  130  8:08  Zergling x2  
  130  8:11  Zergling x4  
  118  8:13  Zerg Ground Armor Level 2  
  118  8:15  Queen x2  
  118  8:17  Zergling x14  
  129  8:20  Zergling x14  
  129  8:21  Baneling x9  
  136  8:27  Zergling x2  
  136  8:28  Baneling x3, Zergling x6  
  136  8:29  Baneling x5  
  136  8:33  Zergling x8  
  144  8:34  Baneling x3  
  144  8:37  Zergling x2  
  144  8:38  Baneling  
  144  8:39  Overseer  
  145  8:43  Zergling x10  
  145  8:45  Baneling x3  
  145  8:46  Baneling x3  
  150  8:53  Zergling x10  
  138  9:01  Pneumatized Carapace  
  138  9:09  Drone x5  
  138  9:14  Drone x6  
  136  9:17  Zergling x32  
  136  9:22  Zergling x6  
  136  9:23  Drone  
  149  9:24  Spore Crawler  
  149  9:25  Spore Crawler  
  149  9:27  Baneling  
  149  9:28  Baneling x3  
  149  9:30  Zergling x6  
  150  9:36  Zergling x2  
  150  9:38  Zergling x4  
  130  9:43  Zergling x24  
  130  9:45  Zergling x10  
  141  9:47  Baneling x8  
  141  9:48  Zergling x2  
  141  9:51  Zergling x4  
  141  9:52  Zergling x4  
  139  9:53  Zergling x2  
  139  9:56  Zergling x8  
  139  9:57  Zergling x2  
  135  10:00  Zergling x2  
  135  10:06  Zergling x6  
  135  10:07  Zergling x4  
  132  10:08  Baneling x7  
  132  10:11  Drone x4  
  132  10:12  Baneling x5  
  135  10:14  Zergling x8  
  135  10:20  Zergling x14  
  146  10:25  Baneling x8  
  146  10:27  Drone x4  
  150  10:33  Zergling x12  
  155  10:39  Zergling x4  
  139  10:43  Zergling x16  
  139  10:44  Drone  
  139  10:47  Zergling x4  
  148  10:51  Overseer, Zergling x8  
  148  10:54  Zergling x2  
  148  10:58  Zergling x8  
  148  10:59  Overseer  
  148  11:02  Zergling x2  
  148  11:03  Baneling x10  
  151  11:09  Zergling x12  
  157  11:11  Baneling x6  
  157  11:13  Zerg Melee Weapons Level 2  
  157  11:15  Infestation Pit  
  157  11:16  Zergling x14  
  162  11:19  Zergling x2  
  161  11:28  Drone x6  
  150  11:33  Drone x4  
  150  11:38  Zergling x2  
  150  11:39  Zergling x14  
  162  11:44  Baneling x7  
  162  11:51  Zergling x2  
  162  11:52  Overseer x2, Overlord  
  162  11:54  Overlord  
  163  11:55  Overlord  
  163  11:56  Overlord  
  163  11:59  Zergling x10  
  163  12:06  Zergling x18  
  149  12:10  Zergling x16  
  149  12:14  Hive  
  149  12:17  Drone x2  
  149  12:18  Drone  
  149  12:19  Zergling x4  
  149  12:21  Zergling x6  
  157  12:26  Overlord  
  140  12:30  Zergling x6  
  140  12:33  Zergling x4  
  140  12:35  Zergling x2  
  140  12:36  Zergling x6  
  130  12:37  Zergling x12  
  130  12:42  Zergling x12  
  139  12:50  Hatchery  
  139  12:51  Zergling x4  
  139  12:56  Zergling x2  
  139  12:57  Zergling x8  
  143  13:02  Baneling x6  
  143  13:03  Baneling x5  
  143  13:05  Zergling x6  
  144  13:06  Baneling  
  144  13:07  Baneling x2  
  144  13:08  Zergling x2  
  144  13:11  Zergling x6  
  148  13:14  Zergling x4  
  148  13:19  Zergling x2  
  137  13:20  Zergling x8  
  137  13:23  Zergling x6  
  137  13:25  Zergling x2  
  128  13:29  Zergling x6  
Show
View Real Time Build Order
Export as new Build Order

HeroMarine Terran - Winner!

Build Orders: Reaper Expand, Hellion Banshee 

Get SALT Encoding   

  12  0:00  SCV  
  13  0:12  SCV  
  14  0:17  Supply Depot  
  14  0:24  SCV  
  15  0:39  SCV, Barracks  
  15  0:42  Refinery  
  16  0:51  SCV  
  17  1:03  SCV  
  18  1:15  SCV  
  19  1:26  Reaper  
  19  1:27  Orbital Command  
  20  1:39  Command Center  
  20  1:47  Supply Depot  
  20  1:53  SCV  
  21  1:58  Marine  
  22  2:05  SCV  
  22  2:08  Factory  
  23  2:14  Refinery  
  23  2:17  SCV  
  23  2:19  Barracks Reactor  
  24  2:29  SCV  
  25  2:41  SCV  
  26  2:51  Orbital Command  
  26  2:53  SCV  
  26  2:55  Starport  
  27  3:00  Hellion x2  
  27  3:05  SCV  
  32  3:06  Barracks Tech Lab  
  32  3:17  SCV  
  32  3:18  SCV  
  34  3:21  Hellion x2  
  34  3:25  Supply Depot  
  38  3:29  SCV  
  38  3:30  SCV  
  40  3:39  Banshee, Cloaking Field  
  43  3:41  SCV  
  43  3:42  SCV  
  43  3:47  Hellion x2  
  49  3:49  Supply Depot  
  49  3:54  SCV x2  
  51  4:02  Barracks Tech Lab  
  51  4:07  SCV x2  
  53  4:11  Command Center  
  53  4:20  Marine  
  53  4:22  SCV x2, Supply Depot, Banshee  
  59  4:26  Factory Reactor  
  59  4:28  Stimpack  
  59  4:34  SCV x2  
  61  4:39  Barracks x2  
  61  4:46  SCV x2  
  61  4:47  Marine  
  64  4:53  Engineering Bay  
  64  4:55  Engineering Bay  
  64  4:58  SCV x2  
  66  5:05  Marine  
  67  5:10  SCV  
  67  5:11  SCV, Starport Reactor  
  67  5:13  Factory Reactor  
  69  5:14  Refinery  
  69  5:15  Refinery  
  69  5:22  Terran Infantry Weapons Level 1, Marine  
  69  5:23  Terran Infantry Armor Level 1  
  69  5:24  Orbital Command  
  69  5:25  SCV x2  
  72  5:29  Marine x2  
  72  5:32  Barracks  
  74  5:38  SCV  
  74  5:39  SCV  
  74  5:40  Marine  
  77  5:43  Marine x2  
  77  5:47  Marine x2  
  77  5:49  Orbital Command  
  81  5:51  Medivac  
  81  5:53  Medivac  
  81  5:56  Supply Depot  
  85  5:57  Supply Depot  
  85  6:02  Supply Depot  
  85  6:10  SCV x2, Marine x4  
  91  6:13  Marine  
  91  6:14  Combat Shield  
  96  6:18  Widow Mine x2  
  96  6:19  SCV, Barracks  
  96  6:22  SCV x2  
  96  6:23  Barracks Reactor  
  99  6:28  Marine x2  
  99  6:32  SCV  
  102  6:33  Marine x3  
  102  6:35  SCV x2  
  102  6:37  Armory  
  107  6:40  Supply Depot  
  107  6:41  Supply Depot  
  107  6:44  SCV  
  107  6:46  Marine x2  
  107  6:47  SCV x2  
  112  6:51  Marine x3  
  115  6:56  SCV  
  115  6:59  SCV x2  
  112  7:01  Widow Mine  
  112  7:02  Widow Mine, Medivac  
  112  7:03  Marine x2  
  112  7:06  Marine x2  
  112  7:07  Barracks Reactor  
  115  7:09  Marine x3  
  115  7:14  Factory  
  115  7:15  Supply Depot  
  116  7:21  Marine x2  
  118  7:24  Marine x2  
  118  7:26  Widow Mine x2, Marine x2  
  118  7:27  Marine  
  124  7:33  Supply Depot  
  124  7:35  Terran Infantry Weapons Level 2  
  123  7:38  Medivac  
  123  7:39  Marine x2, Medivac  
  123  7:41  Marine  
  123  7:42  Marine  
  131  7:44  Marine x3  
  131  7:46  Marine x2  
  131  7:47  Widow Mine x2  
  140  7:57  Marine x2  
  140  7:58  Factory Tech Lab  
  142  7:59  Marine x2  
  142  8:01  Command Center  
  142  8:02  Marine x2  
  145  8:11  Marine x3  
  131  8:15  Marine x2  
  131  8:17  Marine  
  138  8:20  Widow Mine x2  
  138  8:21  Marine x3  
  138  8:22  Widow Mine, Drilling Claws  
  138  8:25  Supply Depot  
  138  8:26  Terran Vehicle And Ship Armor Level 1, Terran Infantry Armor Level 2  
  143  8:27  Supply Depot  
  143  8:29  Marine x2  
  145  8:36  Marine  
  145  8:37  Sensor Tower, Marine, Supply Depot  
  145  8:39  Marine x2  
  149  8:47  Widow Mine x2, Marine x4  
  147  8:56  Widow Mine  
  147  8:58  Medivac  
  147  8:59  Marine x2, Medivac  
  147  9:00  Marine x3  
  158  9:04  Marine x2  
  158  9:06  Marine x2  
  158  9:09  Widow Mine  
  162  9:11  Widow Mine  
  162  9:16  Marine  
  162  9:17  Widow Mine, Marine  
  156  9:21  Marine x2  
  159  9:25  Marine x2  
  159  9:27  SCV x2  
  159  9:29  SCV  
  159  9:30  Widow Mine  
  166  9:38  Marine x2  
  133  9:39  Widow Mine x2  
  133  9:42  Marine x3  
  133  9:45  Marine  
  137  9:47  Marine x2  
  137  9:50  Marine  
  137  9:52  Barracks  
  138  9:53  Barracks x2  
  138  9:56  Marine x2, Terran Infantry Weapons Level 3  
  138  9:59  Marine  
  126  10:00  Widow Mine, Marine x2  
  126  10:02  Marine  
  126  10:04  Marine x2  
  121  10:10  Widow Mine x2, Medivac x2  
  121  10:11  Marine  
  129  10:16  Planetary Fortress  
  129  10:18  SCV x3  
  132  10:21  Marine x2  
  132  10:23  Widow Mine  
  136  10:30  SCV x2, Marine x3  
  136  10:32  Marine x2  
  143  10:36  Marine  
  143  10:39  Marine  
  143  10:40  Marine  
  145  10:43  Terran Infantry Armor Level 3  
  145  10:49  Barracks Tech Lab x2  
  132  10:50  Barracks Tech Lab, Marauder  
  132  10:54  Marine  
  132  10:55  Marine x4  
  135  10:58  Widow Mine x2  
  135  11:00  Medivac x2  
  135  11:01  Marine x3  
  142  11:06  SCV x3  
  142  11:07  Refinery  
  142  11:08  Refinery x2  
  142  11:09  Marine, Marauder x2  
  142  11:10  Missile Turret  
  142  11:11  Marine, Concussive Shells, Command Center  
  150  11:12  Marine  
  150  11:13  Marine x2  
  150  11:14  Marine x2  
  156  11:19  Widow Mine x2, Marine x3  
  156  11:20  Widow Mine  
  154  11:27  Marine  
  154  11:30  Marine x2, Marauder  
  154  11:31  Marine x2, Marauder  
  155  11:34  Marine  
  155  11:36  Marine  
  155  11:37  Marine x2  
  159  11:40  Widow Mine  
  159  11:41  Widow Mine  
  159  11:42  Marine  
  159  11:45  Widow Mine, Marauder  
  168  11:48  Marine  
  168  11:49  Marauder  
  168  11:51  Medivac  
  168  11:52  Marauder x2  
  177  11:56  Medivac  
  177  11:58  Marine x2  
  181  12:02  Widow Mine x2  
  181  12:06  Widow Mine, Marine x2  
  181  12:07  Marauder  
  178  12:10  Marauder  
  178  12:11  Marine x4  
  178  12:14  Marine x2  
  178  12:21  Medivac  
  180  12:23  Widow Mine  
  180  12:24  Widow Mine  
  180  12:26  Medivac  
  180  12:28  Marauder  
  172  12:31  Marine x2, Marauder  
  172  12:32  Widow Mine  
  172  12:36  SCV, Marine x3  
  172  12:37  SCV x2  
  155  12:38  SCV  
  155  12:40  Marine x2, Marauder  
  155  12:41  Marine x2  
  158  12:44  Widow Mine  
  158  12:48  Widow Mine, Marine  
  158  12:49  Marine x2  
  158  12:51  Medivac  
  166  12:52  Marine  
  166  12:53  Widow Mine, Marine  
  166  12:54  Marine x2  
  166  12:57  SCV x2  
  167  12:59  Marauder  
  167  13:02  Marauder  
  167  13:03  Marine x2  
  170  13:08  Marauder  
  170  13:09  Marine  
  170  13:11  Marauder  
  175  13:17  Marine x2  
  175  13:20  Marine  
  175  13:21  Marine x2, Marauder  
  175  13:23  Marauder  
  179  13:28  Medivac  
  179  13:29  Widow Mine x2, Marauder, Medivac  
  179  13:32  Marauder  
  179  13:34  Marine x2  
  184  13:36  Widow Mine  
  184  13:42  Marauder  
Tags
 
Add a new tag
Caveats
  • Supply blocks, unpowered buildings, or Contaminate may cause inaccurate times.
  • Supply counts are checked every 10 seconds.